 Dungeon Crawl Stone Soup version 0.31.0-9-g3a7656b989 (webtiles) character file.

Game seed: 13335789182369100408

777 qw the Shooter (level 7, -1/35 HPs)
             Began as a Spriggan Hunter on Feb 2, 2024.
             Slain by Eustachio
             ... wielding a +5 rapier of freezing
              (10 damage)
             ... on level 4 of the Dungeon.
             The game lasted 00:00:13 (3045 turns).

qw the Shooter (Spriggan Hunter)                    Turns: 3045, Time: 00:00:13

Health: -1/35      AC:  2    Str:  7      XL:     7   Next: 54%
Magic:  8/8        EV: 22    Int: 11      God:
Gold:   154        SH:  0    Dex: 19 (20) Spells: 6/6 levels left

rFire   . . .        a - +0 shortbow
rCold   . . .        (shield currently unavailable)
rNeg    . . .        c - +0 robe
rPois   .            (helmet restricted)
rElec   .            (no cloak)
rCorr   .            (gloves unavailable)
SInv    +            (boots unavailable)
Will    +....        (no amulet)
Stlth   ++           (no ring)
HPRegen 0.25/turn    (no ring)
MPRegen 0.11/turn

%: no passive effects
@: very quick
A: very small, no large weapons, unfitting armour, see invisible, speed 3
a: no special abilities


You were on level 4 of the Dungeon.
You visited 1 branch of the dungeon, and saw 4 of its levels.

You collected 154 gold pieces.


Innate Abilities, Weirdness & Mutations

You are very small and have problems with some larger weapons.
You are too small for most types of armour.
You have supernaturally acute eyesight. (SInv)
You cover ground extremely quickly. (Speed+++)


   Skills:
 - Level 2.0 Fighting
 + Level 7.8 Ranged Weapons
 - Level 7.0 Dodging
 - Level 1.5 Stealth


You had 6 spell levels left.
You didn't know any spells.
Your spell library was empty.

Inventory:

Hand Weapons
 a - a +0 shortbow (weapon)
Armour
 c - a +0 robe (worn)
Jewellery
 b - a ring of magical power
Potions
 d - a potion of mutation
 e - a potion of curing
 f - a potion of heal wounds {unknown}
 g - a potion of might {unknown}
 h - a potion of enlightenment {unknown}
 i - a potion of lignification {unknown}
 k - a potion of resistance {unknown}

Dungeon Overview and Level Annotations

Branches:
Dungeon (4/15)
 Temple: D:4-7

Altars:
Ru

Portals:
Abyss: D:4

Annotations:
D:4 2 transporters, Eustachio; qw's ghost, amateur DjHu


Message History

Press: ? - help, Q - select action, (/) - cycle Shift-Dir - straight line, f/p - Eustachio The bolt of dispelling energy hits Eustachio!
Eustachio is moderately wounded.
3033 ||| ZAPPING wand of quicksilver (2) at 2,0 (Eustachio; floor).
Aiming: Quicksilver Bolt
Press: ? - help, Q - select action, (/) - cycle Shift-Dir - straight line, f/p - Eustachio The bolt of dispelling energy hits Eustachio!
Eustachio is severely wounded.
3034 ||| ZAPPING wand of quicksilver (1) at 1,0 (Eustachio; floor).
Aiming: Quicksilver Bolt
Press: ? - help, Q - select action, (/) - cycle Shift-Dir - straight line, f/p - Eustachio The bolt of dispelling energy misses Eustachio.
The now-empty wand crumbles to dust.
Eustachio gestures wildly while chanting.
Eustachio blinks!
You shoot an arrow. The arrow hits Eustachio.
Eustachio is almost dead.
Eustachio gestures wildly while chanting.
You shoot an arrow. The arrow hits the bat.
You kill the bat!
The bat's corpse disappears in a puff of smoke!
You shoot an arrow. The arrow misses Eustachio.
Eustachio mumbles some strange words.
Eustachio blinks!
Eustachio is nearby!
You shoot an arrow. The arrow closely misses Eustachio.
You shoot an arrow. The arrow barely misses Eustachio.
You shoot an arrow. The arrow barely misses Eustachio.
Eustachio hits you with a +5 rapier of freezing!
Eustachio freezes you.
You shoot an arrow. The arrow barely misses Eustachio.
Eustachio hits you with a +5 rapier of freezing!
Eustachio freezes you.
You shoot an arrow. The arrow barely misses Eustachio.
Eustachio hits you with a +5 rapier of freezing.
Eustachio freezes you.
You shoot an arrow. The arrow barely misses Eustachio.
Eustachio hits you with a +5 rapier of freezing!
You die...
Eustachio twirls his moustache.

).....## ..# ......##
... ..###..# ..# .##
#..## ## ##..### #
#....#### #
##..#.....#### # #
#...#........###..#
#..#..%..##..@@.#
#..##.....#####.....#
#...#......# ##>..#
#..##..%...# .##
..##......## #
#.....## #....##
#...# #..#


You could see Eustachio.

Vanquished Creatures
  Sigmund (D:2)
  Menkaure (D:4)
  A phantom (D:4)
  2 bombardier beetles (D:4)
  2 orc priests (D:4)
  A sleepcap (D:3)
  3 orc wizards
  6 gnolls
  2 adders (D:3)
  A dart slug (D:1)
  2 ribbon worms
  16 orcs
  7 ball pythons
  10 bats
  4 endoplasms
  6 giant cockroaches
  9 goblins
  7 hobgoblins
  6 jackals
  4 frilled lizards
  3 kobolds
  6 rats
100 creatures vanquished.

Notes
Turn   | Place    | Note
-------+----------+-------------------------------------------
     0 | D:1      | qw the Spriggan Hunter began the quest for the Orb.
     0 | D:1      | Reached XP level 1. HP: 10/10 MP: 2/2
     0 | D:1      | 0 ||| qw: Version: 0.3-a-155-g5e7d8dd
     0 | D:1      | 0 ||| qw: Game counter: 108
     0 | D:1      | 0 ||| qw: Melee chars always use a shield: true
     0 | D:1      | 0 ||| qw: God list: Okawaru
     0 | D:1      | 0 ||| qw: Allow faded altars: false
     0 | D:1      | 0 ||| qw: Do Orc after clearing Dungeon:15 true
     0 | D:1      | 0 ||| qw: Do second Lair branch before Depths: true
     0 | D:1      | 0 ||| qw: Lair rune preference: random
     0 | D:1      | 0 ||| qw: Goals: Normal
     0 | D:1      | 0 ||| PLANNING D:1-11
    34 | D:1      | Reached skill level 3 in Dodging
   239 | D:1      | Reached XP level 2. HP: 14/14 MP: 3/3
   520 | D:1      | Found a faded altar of an unknown god.
   796 | D:1      | 796 ||| READING scroll labelled PORU IBEWNUSHRI.
   797 | D:1      | 797 ||| READING scroll labelled ZOPPOY YWAJEN.
   798 | D:1      | 798 ||| DROPPING scroll of butterflies.
   893 | D:2      | Reached XP level 3. HP: 18/18 MP: 4/4
   980 | D:2      | 980 ||| RETREEEEATING.
   987 | D:2      | 987 ||| RETREEEEATING.
   988 | D:2      | 988 ||| RETREEEEATING.
   995 | D:2      | 995 ||| FLEEEEING.
   996 | D:2      | 996 ||| FLEEEEING.
   997 | D:2      | 997 ||| FLEEEEING.
   998 | D:2      | 998 ||| FLEEEEING.
   999 | D:2      | 999 ||| FLEEEEING.
  1001 | D:2      | 1001 ||| FLEEEEING.
  1002 | D:2      | 1002 ||| FLEEEEING.
  1003 | D:2      | 1003 ||| FLEEEEING.
  1013 | D:2      | Reached XP level 4. HP: 19/22 MP: 5/5
  1327 | D:2      | Noticed Sigmund
  1337 | D:2      | Killed Sigmund
  1338 | D:2      | Reached XP level 5. HP: 11/25 MP: 6/6
  1656 | D:2      | 1656 ||| DRINKING 2 silvery potions.
  1657 | D:2      | 1657 ||| DRINKING 2 viscous clear potions.
  1658 | D:2      | 1658 ||| DROPPING potion of degeneration.
  1821 | D:3      | Reached XP level 6. HP: 26/30 MP: 7/7
  2154 | D:3      | Found a sacrificial altar of Ru.
  2243 | D:3      | 2243 ||| READING scroll labelled WOTANU NISE.
  2244 | D:3      | 2244 ||| READING scroll labelled VUYGIX KUEXTO.
  2247 | D:3      | 2247 ||| READING scroll labelled ATAEKHL BYDGH.
  2247 | D:3      | 2247 ||| IDENTIFYING viscous black potion
  2290 | D:4      | 2290 ||| STAIRDANCE
  2296 | D:4      | 2296 ||| STAIRDANCE
  2329 | D:4      | Reached skill level 6 in Ranged Weapons
  2533 | D:4      | Found a transporter.
  2533 | D:4      | Found a one-way gate to the infinite horrors of the Abyss.
  2533 | D:4      | Noticed qw's ghost (amateur DjHu)
  2577 | D:4      | Reached XP level 7. HP: 26/35 MP: 8/8
  2636 | D:4      | Noticed Menkaure
  2637 | D:4      | 2637 ||| ZAPPING wand of quicksilver (6) at 6,1 (Menkaure;
                  | floor).
  2638 | D:4      | 2638 ||| ZAPPING wand of quicksilver (5) at 6,1 (Menkaure;
                  | floor).
  2638 | D:4      | Killed Menkaure
  2854 | D:4      | Found a transporter.
  3030 | D:4      | Noticed Eustachio
  3031 | D:4      | 3031 ||| ZAPPING wand of quicksilver (4) at 4,0 (Eustachio;
                  | floor).
  3032 | D:4      | 3032 ||| ZAPPING wand of quicksilver (3) at 3,0 (Eustachio;
                  | floor).
  3033 | D:4      | 3033 ||| ZAPPING wand of quicksilver (2) at 2,0 (Eustachio;
                  | floor).
  3034 | D:4      | 3034 ||| ZAPPING wand of quicksilver (1) at 1,0 (Eustachio;
                  | floor).
  3044 | D:4      | HP: 8/35 [Eustachio/+5 rapier of freezing (1)]
  3045 | D:4      | Slain by Eustachio

Levels and vault maps discovered:
D:1:      elethiomel_arrival_quiet, layout_loops_cross, basic_ecumenical_altar,
          minmay_small_reverse_x
D:2:      layout_basic, uniq_sigmund
D:3:      layout_basic, nicolae_ru_sacrificial_ziggurat
D:4:      layout_cave_pods, gammafunk_ghost_abyssal_escape, uniq_eustachio,
          uniq_menkaure

Skill      XL: |  1  2  3  4  5  6  7 |
---------------+----------------------+-----
Dodging        | 3 4 7 |  7.0
Ranged Weapons | 5 6 7 |  7.8
Fighting       | 2 |  2.0
Stealth        | |  1.5

Action                     |  1- 3 |  4- 6 |  7- 9 || total
---------------------------+-------+-------+-------++-------
   Fire: Shortbow          |    74 |   212 |    51 ||   337
  Evoke: Wand              |       |       |     6 ||     6
    Use: Scroll            |     2 |     3 |       ||     5
         Potion            |       |     2 |       ||     2
 Armour: Robe              |    11 |    47 |    10 ||    68
  Dodge: Dodged            |    37 |   163 |    29 ||   229

Table legend:
 A = Non-vault XP
 B = Vault XP
 C = Vault XP percentage of total XP
 D = Non-vault monster count
 E = Vault monster count
 F = Vault count percentage of total count
                 A         B        C        D         E       F
            +---------+---------+-------+---------+---------+-------
      Total |     701 |     410 |  36.9 |      94 |       6 |   6.0
            +---------+---------+-------+---------+---------+-------
        D:1 |      28 |       7 |  20.0 |      16 |       4 |  20.0
        D:2 |      89 |     231 |  72.2 |      29 |       1 |   3.3
        D:3 |     186 |       0 |   0.0 |      25 |       0 |   0.0
        D:4 |     398 |     172 |  30.2 |      24 |       1 |   4.0
            +---------+---------+-------+---------+---------+-------
